 Dungeon Crawl Stone Soup version 0.21.1-1-g345015f (webtiles) character file.

43858 xccam the Cleaver (level 13, -6/190 HPs)
             Began as a Demonspawn Abyssal Knight on Feb 12, 2018.
             Was the Champion of Lugonu.
             Mangled by an orc warrior
             ... wielding a +0 war axe
              (7 damage)
             ... on level 1 of the Orcish Mines.
             The game lasted 00:48:22 (16022 turns).

xccam the Cleaver (Demonspawn Abyssal Knight)      Turns: 16022, Time: 00:48:23

Health: -6/190     AC: 30    Str: 23    XL:     13   Next: 93%
Magic:  14/14      EV:  2    Int: 12    God:    Lugonu [******]
Gold:   1285       SH:  0    Dex: 14    Spells: 12/12 levels left

rFire    . . .     SeeInvis .   t - +0 battleaxe (vamp)
rCold    . . .     Gourm    .   (shield currently unavailable)
rNeg     + + +     Faith    .   (armour currently unavailable)
rPois    +         Spirit   .   (helmet currently unavailable)
rElec    .         Reflect  .   (cloak currently unavailable)
rCorr    .         Harm     .   (gloves currently unavailable)
MR       .....     NoTele   +   (boots currently unavailable)
Stlth    +.........             N - amulet of rage
HPRegen  0.41/turn              O - ring of Okawaru's Hope {*Contam rPois EV+1 Str+8 Int-3}
MPRegen  0.14/turn              o - +4 ring of protection

@: tree-form
A: demonic guardian 2, robust 2
a: Depart the Abyss, Bend Space, Banish, Corrupt, Enter the Abyss, Brand Weapon
With Distortion, Renounce Religion, Evoke Berserk Rage


You were on level 1 of the Orcish Mines.
You worshipped Lugonu.
Lugonu was exalted by your worship.
You were not hungry.
You were a tree.
You visited 3 branches of the dungeon, and saw 18 of its levels.
You visited the Abyss 1 time.

You collected 1545 gold pieces.
You spent 260 gold pieces at shops.

Inventory:

Hand Weapons
 a - a +1 hand axe of chopping
 t - a +0 vampiric battleaxe (weapon)
 v - a +3 hand axe
 w - a +0 war axe
 B - a +1 vampiric executioner's axe
Armour
 g - a +2 cloak of magic resistance (melded)
 m - a +3 plate armour
 F - the +1 chain mail of the Gardener {rPois Int+6}
   (You found it on level 4 of the Lair of Beasts)

   It affects your intelligence (+6).
   It protects you from poison.
 M - the +3 chain mail of the Heavens (melded) {*Contam rF++ Int+7}
   (You found it on level 6 of the Lair of Beasts)

   It affects your intelligence (+7).
   It greatly protects you from fire.
   It causes magical contamination when unequipped.
Jewellery
 f - an uncursed ring of resist corrosion
 j - an uncursed ring of fire
 k - an uncursed ring of fire
 n - an uncursed ring of stealth
 o - a +4 ring of protection (right branch)
 z - the cursed ring "Serphuipn" {rF+ MR+ AC-3 Int+2 Stlth+}
   (You found it on level 4 of the Lair of Beasts)

   [ring of protection]

   It affects your AC (-3).
   It affects your intelligence (+2).
   It protects you from fire.
   It affects your resistance to hostile enchantments.
   It makes you more stealthy.
   It has a curse placed upon it.
 G - an uncursed ring of ice
 N - an amulet of rage (around neck)
 O - the ring of Okawaru's Hope (left branch) {*Contam rPois EV+1 Str+8 Int-3}
   (You found it on level 6 of the Lair of Beasts)

   [ring of evasion]

   It affects your evasion (+1).
   It affects your strength (+8).
   It affects your intelligence (-3).
   It protects you from poison.
   It causes magical contamination when unequipped.
Wands
 d - a wand of polymorph (12)
 l - a wand of enslavement (12)
 p - a wand of iceblast (6)
 C - a wand of acid (28)
 D - a wand of flame (28)
 H - a wand of random effects (14)
Scrolls
 e - 4 scrolls of identify
 h - 2 scrolls of magic mapping
 q - a scroll of amnesia
 x - 6 scrolls of teleportation
 y - 4 scrolls of remove curse
 J - a scroll of brand weapon
 K - a scroll of fog
Potions
 b - 7 potions of curing
 i - 2 potions of cancellation
 r - 3 potions of mutation
 u - 2 potions of might
 E - a potion of heal wounds
 I - a potion of magic
Books
 s - a Young Poisoner's Handbook

   Spells                             Type                      Level
   a - Sting                          Conjuration/Poison           1
   b - Poisonous Vapours              Poison/Air                   2
   c - Mephitic Cloud                 Conjuration/Poison/Air       3
   d - Olgreb's Toxic Radiance        Poison                       4
   e - Venom Bolt                     Conjuration/Poison           5
Comestibles
 c - 28 rations
 L - 5 chunks of flesh


   Skills:
 + Level 11.1 Fighting
 * Level 14.3 Axes
 + Level 10.1 Armour
 + Level 10.0 Dodging
 - Level 2.4 Invocations


You had 12 spell levels left.
You didn't know any spells.

Dungeon Overview and Level Annotations

Branches:
Dungeon (11/15)            Temple (0/1) D:5            Lair (6/6) D:10
 Shoals (0/4) Lair:4       Spider (0/4) Lair:3        Slime (0/5) Lair:6
    Orc (1/2) D:9

Altars:
Cheibriados
Dithmenos
Elyvilon
Kikubaaqudgha
Okawaru
Qazlal
Wu Jian
Beogh

Shops:
D:11 ?


Innate Abilities, Weirdness & Mutations

((You have sharp toenails.))
((You are completely covered in thin metallic scales. (AC +4, rElec)))
A demonic guardian rushes to your aid.
You are very robust. (+20% HP)
((You are partially covered in sharp spines.))
((You can translocate small distances at will.))
((Your flesh is heat resistant. (rF+)))


Message History

* * * LOW HITPOINT WARNING * * *
The orc priest mumbles some strange prayers to Beogh against you.
Beogh smites you!
* * * LOW HITPOINT WARNING * * *
The orc warrior hits you with a war axe!
* * * LOW HITPOINT WARNING * * *
Your smoke demon hits the orc warlord but does no damage.
Your smoke demon hits the orc warlord.
Your smoke demon hits the orc warlord but does no damage.
You hit the orc warlord.
You feel better.
The orc warlord is almost dead.
You hit the orc warrior.
You feel better.
The orc warlord hits you but does no damage.
The orc warlord hits your smoke demon with a war axe of freezing.
The orc warlord freezes your smoke demon.
The orc priest casts a cantrip, but nothing happens.
The orc warrior hits you from afar with a glaive!!
* * * LOW HITPOINT WARNING * * *
The orc warrior hits you with a war axe!
You die...

## ... ..## ...
##. ....# #'#
... ..... ##.##
....
......#...#.....
......#o3.#.....
.....ooo..'.....
#♣.o# #...#
#...# #...#
##.##
########.##
#.........##
......#...#
.#.....#.##


You could see an orc warlord, 3 orc warriors, an orc priest and a friendly smoke
demon.

Vanquished Creatures
  Josephine (D:10)
  A fire dragon (Lair:6)
  A hydra (Lair:4)
  A centaur warrior (D:10)
  A two-headed ogre (D:8)
  2 lindwurms
  2 oklob plants
  11 elephants
  5 black mambas
  A torpor snail (Lair:6)
  3 molten gargoyles (Lair:6)
  7 spiny frogs
  2 rime drakes (Lair:5)
  9 komodo dragons
  A troll (D:10)
  A jumping spider (Lair:3)
  2 polar bears (Lair:4)
  6 hippogriffs
  4 blink frogs (Lair:6)
  A dream sheep (Lair:6)
  A shadow (D:9)
  2 wraiths (D:10)
  20 yaks
  A basilisk (Lair:2)
  4 wyverns
  2 steam dragons (Lair:6)
  9 water moccasins
  3 hell hounds (Lair:6)
  A black bear (Lair:3)
  A phantom (D:10)
  7 orc warriors
  11 porcupines
  2 ice beasts (D:10)
  A sky beast (D:9)
  5 ogres
  3 wolves
  7 centaurs
  6 crocodiles
  17 bullfrogs
  10 killer bees
  3 wights (D:9)
  A howler monkey (D:8)
  A bullfrog zombie (D:5)
  4 lava snakes (Lair:6)
  5 crimson imps
  A quasit (D:8)
  9 orc priests
  2 centaur skeletons
  A centaur zombie (D:5)
  5 hounds
  4 jellies
  2 iguanas
  7 orc wizards
  9 worker ants
  A gnoll (D:4)
  2 howler monkey skeletons
  15 adders
  3 shadow imps
  6 oozes
  2 adder zombies
  4 adder skeletons
  5 worms
  2 leopard geckos
  28 orcs
  9 giant cockroaches
  7 goblins
  9 hobgoblins
  2 jackals (D:4)
  8 kobolds
  6 quokkas
  12 bats
  5 frilled lizards
  6 rats
  3 fungi
  2 plants
366 creatures vanquished.

Vanquished Creatures (collateral kills)
  A dire elephant (Lair:6)
  Fannar (Lair:3)
  3 hydras
  Urug (Orc:1)
  2 two-headed ogres
  Nergalle (Lair:2)
  2 oklob plants (Lair:1)
  A manticore (D:11)
  7 elephants
  A black mamba (Lair:6)
  Maurice (D:9)
  7 spiny frogs
  2 trolls
  Prince Ribbit (D:7)
  A hornet (D:9)
  A hippogriff (D:7)
  4 dream sheep (Lair:6)
  4 blink frogs (Lair:6)
  3 wraiths (D:10)
  17 yaks
  6 basilisks
  A porcupine (Lair:1)
  A water moccasin (Lair:4)
  Duvessa (D:7)
  A phantom (D:9)
  3 ice beasts
  6 orc warriors
  3 ogres
  5 wolves
  A crocodile (Lair:1)
  4 centaurs
  4 bullfrogs
  A scorpion (D:7)
  Dowan (D:7)
  A bullfrog skeleton (D:8)
  A jelly (D:8)
  2 orc wizards (D:6)
  An iguana (D:6)
  2 worker ants
  A hound zombie (D:10)
  A worker ant zombie (D:5)
  2 gnolls (D:4)
  3 adders
  A leopard gecko (D:6)
  An orc (D:8)
  A goblin (D:2)
  A fungus (Lair:6)
  2 plants (Lair:1)
119 creatures vanquished.

Vanquished Creatures (others)
  A hell hound (Lair:6)
  9 fungi
  3 plants
13 creatures vanquished.

Grand Total: 498 creatures vanquished

Notes
Turn   | Place    | Note
-------+----------+-------------------------------------------
     0 | Abyss:1  | xccam the Demonspawn Abyssal Knight began the quest for the Orb.
     0 | Abyss:1  | Reached XP level 1. HP: 18/18 MP: 2/2
    14 | Abyss:1  | Found a corrupted altar of Lugonu.
    52 | Abyss:1  | Noticed a chaos spawn
    57 | Abyss:1  | Noticed a large abomination
    58 | D:1      | Escaped the Abyss
    74 | D:1      | Reached skill level 2 in Axes
   166 | D:1      | Gained mutation: A weak demonic guardian rushes to your aid. [demonic ancestry]
   166 | D:1      | Reached XP level 2. HP: 21/24 MP: 3/3
   207 | D:1      | Reached * piety under Lugonu
   432 | D:1      | Reached skill level 3 in Axes
   636 | D:2      | Noticed a centaur
   641 | D:2      | Killed a centaur
   641 | D:2      | Reached skill level 4 in Axes
   641 | D:2      | Gained mutation: You are partially covered in thin metallic scales. (AC +2) [demonic ancestry]
   641 | D:2      | Reached XP level 3. HP: 9/29 MP: 4/4
   641 | D:2      | Gained mutation: You are partially covered in sharp spines. [demonic ancestry]
   641 | D:2      | Reached XP level 4. HP: 11/35 MP: 5/5
  1086 | D:2      | Reached ** piety under Lugonu
  1125 | D:2      | Gained mutation: You are mostly covered in thin metallic scales. (AC +3) [demonic ancestry]
  1125 | D:2      | Reached XP level 5. HP: 26/41 MP: 6/6
  1145 | D:2      | Found a shadowy altar of Dithmenos.
  1404 | D:3      | Reached skill level 5 in Axes
  1529 | D:3      | Reached skill level 1 in Dodging
  1629 | D:3      | Found a stormy altar of Qazlal.
  1848 | D:3      | Found an iron altar of Okawaru.
  1848 | D:3      | Found an ancient bone altar of Kikubaaqudgha.
  1907 | D:4      | Gained mutation: Your flesh is heat resistant. (rF+) [potion of mutation]
  1907 | D:4      | Gained mutation: Your muscles are strong. (Str +2) [potion of mutation]
  1907 | D:4      | Lost mutation: Your muscles are strong. (Str +2) [potion of mutation]
  1907 | D:4      | Gained mutation: You evolve. [potion of mutation]
  1918 | D:4      | Gained mutation: You are weak. (Str -2) [evolution]
  2111 | D:4      | Gained mutation: You are completely covered in thin metallic scales. (AC +4, rElec) [demonic ancestry]
  2111 | D:4      | Reached XP level 6. HP: 41/47 MP: 7/7
  2153 | D:4      | Reached *** piety under Lugonu
  2458 | D:5      | Entered Level 5 of the Dungeon
  2506 | D:5      | Found a staircase to the Ecumenical Temple.
  2651 | D:5      | Gained mutation: A demonic guardian rushes to your aid. [demonic ancestry]
  2651 | D:5      | Reached XP level 7. HP: 53/53 MP: 8/8
  2689 | D:5      | Reached skill level 6 in Axes
  3553 | D:6      | Reached XP level 8. HP: 61/61 MP: 9/9
  3930 | D:6      | Reached skill level 7 in Axes
  3981 | D:6      | Reached **** piety under Lugonu
  4222 | D:6      | Lost mutation: You evolve. [potion of mutation]
  4222 | D:6      | Lost mutation: You are weak. (Str -2) [potion of mutation]
  4222 | D:6      | Gained mutation: You are frail. (-10% HP) [potion of mutation]
  4222 | D:6      | Gained mutation: You can translocate small distances at will. [potion of mutation]
  4243 | D:7      | Reached skill level 5 in Fighting
  4293 | D:7      | Noticed Duvessa
  4293 | D:7      | Noticed Dowan
  4298 | D:7      | Killed Dowan
  4307 | D:7      | Killed Duvessa
  4566 | D:7      | Noticed Prince Ribbit
  4569 | D:7      | Killed Prince Ribbit
  4598 | D:7      | Noticed a hippogriff
  4602 | D:7      | Killed a hippogriff
  4602 | D:7      | Reached skill level 8 in Axes
  4602 | D:7      | Lost mutation: You are frail. (-10% HP) [demonic ancestry]
  4602 | D:7      | Gained mutation: You are robust. (+10% HP) [demonic ancestry]
  4602 | D:7      | Reached XP level 9. HP: 52/74 MP: 10/10
  4671 | D:7      | Found a white marble altar of Elyvilon.
  4674 | D:7      | Found a snail-covered altar of Cheibriados.
  5149 | D:8      | Noticed a two-headed ogre
  5180 | D:8      | Killed a two-headed ogre
  5180 | D:8      | Reached skill level 5 in Armour
  5636 | D:8      | Reached skill level 5 in Dodging
  5813 | D:9      | Reached skill level 9 in Axes
  5867 | D:9      | Noticed Maurice
  5914 | D:9      | Killed Maurice
  5956 | D:9      | Reached XP level 10. HP: 75/84 MP: 11/11
  6050 | D:9      | Found a staircase to the Orcish Mines.
  6619 | D:9      | Noticed a two-headed ogre
  6625 | D:9      | Killed a two-headed ogre
  6752 | D:9      | Found a roughly hewn altar of Beogh.
  6769 | D:9      | Reached ***** piety under Lugonu
  6807 | D:10     | Entered Level 10 of the Dungeon
  6828 | D:10     | Reached skill level 10 in Axes
  6897 | D:10     | Noticed Josephine
  6913 | D:10     | Found an ornate altar of the Wu Jian Council.
  7128 | D:10     | Found a staircase to the Lair.
  7181 | D:10     | Noticed a centaur warrior
  7186 | D:10     | Killed a centaur warrior
  7356 | D:10     | Killed Josephine
  7651 | D:10     | Reached XP level 11. HP: 94/94 MP: 12/12
  8148 | D:11     | Found Jarrunaq's Magic Scroll Boutique.
  8177 | D:11     | Noticed a two-headed ogre
  8184 | D:11     | Killed a two-headed ogre
  8193 | D:11     | Reached skill level 11 in Axes
  8381 | D:11     | Bought a scroll of brand weapon for 260 gold pieces
  8424 | Lair:1   | Entered Level 1 of the Lair of Beasts
  8800 | Lair:1   | Noticed an oklob plant
  8801 | Lair:1   | Noticed an oklob plant
  8803 | Lair:1   | Noticed an oklob plant
  8827 | Lair:1   | Killed an oklob plant
  8835 | Lair:1   | Killed an oklob plant
  9109 | Lair:1   | Killed an oklob plant
 10285 | Lair:2   | Noticed Nergalle
 10302 | Lair:2   | Killed Nergalle
 10937 | Lair:3   | Gained mutation: You have sharp toenails. [demonic ancestry]
 10937 | Lair:3   | Reached XP level 12. HP: 100/104 MP: 13/13
 10939 | Lair:3   | Reached skill level 12 in Axes
 11000 | Lair:3   | Noticed Fannar
 11014 | Lair:3   | Killed Fannar
 11045 | Lair:3   | Found a hole to the Spider Nest.
 12197 | Lair:4   | Noticed a four-headed hydra
 12218 | Lair:4   | Killed a four-headed hydra
 12248 | Lair:4   | Reached skill level 10 in Fighting
 12383 | Lair:4   | Got a bloodstained chain mail
 12384 | Lair:4   | Identified the +1 chain mail of the Gardener {rPois Int+6} (You found it on level 4 of the Lair of Beasts)
 12653 | Lair:4   | Noticed an eight-headed hydra
 12662 | Lair:4   | Killed a ten-headed hydra
 12662 | Lair:4   | Reached skill level 13 in Axes
 12722 | Lair:4   | Found a staircase to the Shoals.
 12913 | Lair:4   | Got a vibrating granite ring
 12914 | Lair:4   | Identified the cursed ring "Serphuipn" {rF+ MR+ AC-3 Int+2 Stlth+} (You found it on level 4 of the Lair of Beasts)
 13332 | Lair:5   | Gained mutation: You are very robust. (+20% HP) [demonic ancestry]
 13332 | Lair:5   | Reached XP level 13. HP: 106/123 MP: 14/14
 13528 | Lair:5   | Reached ****** piety under Lugonu
 13894 | Lair:6   | Entered Level 6 of the Lair of Beasts
 14049 | Lair:6   | Noticed a dire elephant
 14055 | Lair:6   | Killed a dire elephant
 14473 | Lair:6   | Found a staircase to the Slime Pits.
 14794 | Lair:6   | Reached skill level 14 in Axes
 15023 | Lair:6   | Noticed a fire dragon
 15024 | Lair:6   | Found a large runed door.
 15052 | Lair:6   | Reached skill level 10 in Armour
 15414 | Lair:6   | Found a large runed door.
 15445 | Lair:6   | Killed a fire dragon
 15445 | Lair:6   | Reached skill level 10 in Dodging
 15455 | Lair:6   | Got a fine chain mail
 15467 | Lair:6   | Identified the +3 chain mail of the Heavens {*Contam rF++ Int+7} (You found it on level 6 of the Lair of Beasts)
 15541 | Lair:6   | Got a shimmering bone ring
 15542 | Lair:6   | Identified the ring of Okawaru's Hope {*Contam rPois EV+1 Str+8 Int-3} (You found it on level 6 of the Lair of Beasts)
 15856 | Orc:1    | Entered Level 1 of the Orcish Mines
 15911 | Orc:1    | Noticed Urug
 15924 | Orc:1    | Killed Urug
 15997 | Orc:1    | Noticed an orc warlord
 16022 | Orc:1    | HP: 1/190 [orc warrior/glaive (26)]
 16022 | Orc:1    | Mangled by an orc warrior

Skill      XL: |  1  2  3  4  5  6  7  8  9 10 11 12 13 |
---------------+----------------------------------------+-----
Axes           | 2 4 5 6 8 9 10 11 13 14 | 14.3
Dodging        | 1 2 3 4 5 6 7 9 10 | 10.0
Armour         | 2 3 4 5 6 8 9 10 | 10.1
Fighting       | 4 5 6 7 9 10 11 | 11.1
Invocations    | |  2.4

Action                   |  1- 3 |  4- 6 |  7- 9 | 10-12 | 13-15 || total
-------------------------+-------+-------+-------+-------+-------++-------
Melee: Hand axe          |    69 |   197 |   338 |   196 |       ||   800
       Unarmed           |       |       |    10 |       |       ||    10
       Battleaxe         |       |       |       |   325 |   261 ||   586
       Kick              |       |       |       |    62 |    90 ||   152
Invok: Depart the Abyss  |     1 |       |       |       |       ||     1
Evoke: Wand              |       |       |       |     4 |     6 ||    10
  Use: Scroll            |     3 |     2 |     7 |    13 |     2 ||    27
       Potion            |       |     6 |     3 |    11 |     1 ||    21
 Stab: Distracted        |       |     1 |     4 |     6 |     3 ||    14
  Eat: Chunk             |       |     5 |    11 |    14 |     9 ||    39
       Ration            |       |       |       |     3 |       ||     3
Armor: Leather armour    |     3 |       |       |       |       ||     3
       Chain mail        |    55 |   121 |   152 |    45 |   176 ||   549
       Plate armour      |       |       |    18 |   438 |       ||   456
       Skin              |       |       |    10 |       |     1 ||    11
Dodge: Dodged            |    39 |    58 |    91 |   234 |   161 ||   583
